[Event "VIII Open Semana Santa 2024"]
[Site "San Vicente del Raspeig"]
[Date "2024.03.29"]
[Round "5.19"]
[White "Xiao, Tong(Qd)"]
[Black "Serarols Mabras, Bernat"]
[Result "1-0"]
[ECO "B12"]
[WhiteElo "2484"]
[BlackElo "2360"]
[Annotator "TA"]
[PlyCount "89"]
[EventDate "2024.03.27"]
[EventType "swiss"]
[EventCountry "ESP"]
[SourceTitle "playchess.com"]
[Source "ChessBase"]
[SourceQuality "1"]
[TimeControl "5400+30"]

1. e4 c6 2. d4 d5 3. e5 Bf5 4. Nf3 e6 5. Be2 Ne7 6. O-O Ng6 7. Be3 Nd7 8. Nbd2 f6 {[%emt 0:00:30][%cal Rf6e5] The position is equal.} 9. Nb3 fxe5 10. Nxe5 Ngxe5 11. dxe5 Nxe5 12. Nd4 Qh4 {[%emt 0:16:11] Dodges g4} (12... Bd6 $11 {was preferrable.}) 13. Nxf5 $14 exf5 14. Bd4 Ng4 15. Bxg4 Qxg4 16. Re1+ Kf7 17. Qd3 Bd6 18. c4 Rhd8 19. cxd5 cxd5 20. h3 {[%emt 0:02:38] Dancing on a razor blade.} Qf4 (20... Qg6 $14) 21. g3 $16 {[%emt 0:00:10][%mdl 1024] White has strong compensation.} Qg5 22. Be5 {[%emt 0:03:08] White is more active.} Bf8 $2 (22... Bc5 $16 {was called for.}) 23. Bc7 $18 Rd7 {[%emt 0:00:43][%cal Of7g8] [#]} 24. Qb5 $1 Rad8 (24... Rxc7 $2 25. Qxd5+ Kg6 26. Re6+ $18) 25. Bxd8 $40 {[%emt 0:00:20][%mdl 128] White goes for the king.} Qxd8 26. Re5 g6 27. Rae1 Bg7 (27... Be7 $142 28. Qb3 Kf8) 28. Re6 Bf6 29. Qc5 d4 30. Qc4 {[%emt 0:00:49] [#] White wants to mate with Re7+.} (30. Qxa7 $6 d3 31. Qb6 d2 $18) 30... Kg7 31. Re8 Qc7 32. Qe6 (32. Qg8+ $18 Kh6 33. Qf8+ Bg7 34. Qb4) 32... Qc6 $2 {[%emt 0:05:44][%mdl 8192] A mistake that costs the game.} (32... Rf7 $16 33. Rc8 Qd7 34. Qxd7 Rxd7) 33. Qg8+ Kh6 34. Qf8+ Bg7 35. Qb4 Qc2 {[%emt 0:02:27] Dodges Qd2+} 36. R8e2 Qd3 (36... Qc7 {might work better.} 37. Re7 Rxe7 38. Qxe7 Qxe7 39. Rxe7 b5 40. Rxa7 Bf8) 37. Qc5 {[%emt 0:01:28] Strongly threatening Qc1+.} Qf3 38. Re7 (38. Qxa7 d3 39. Qe3+ Qxe3 40. Rxe3 d2 $16) 38... Rd5 (38... Rxe7 $18 39. Qxe7 a5) 39. Qc7 {[%emt 0:00:39] White mates.} (39. Qxa7 d3 40. R1e3 (40. Rxb7 $2 d2 $19) 40... Qh5 $18) 39... Bf6 40. Rxh7+ Kg5 41. Rh4 d3 42. Qh7 (42. Qxb7 d2 $11) 42... Bd4 43. Qh6+ (43. Qxb7 {gets mated.} Bxf2+ (43... Qxf2+ {leads to mate.} 44. Kh1 Qxe1+ 45. Kg2 Qg1+ 46. Kf3 Qh1#) 44. Kh2 Bxg3+ (44... Bxe1 45. Qe7#) 45. Kg1 Qf2+ 46. Kh1 Qh2#) 43... Kf6 44. Qh8+ Kg5 45. Rxd4 {[%emt 0:00:10] Weighted Error Value: White=0.18 (very precise) /Black=0.44.  Loses game:     	---       	Black=1      Mistake:       	White=1     	Black=6      Inaccurate:     	White=3     	Black=2      OK:         	White=13    	Black=6      Best:        	White=3     	Black=5      Strong:       	White=1     	---} 1-0

[Event "VIII Open Semana Santa 2024"]
[Site "San Vicente del Raspeig"]
[Date "2024.03.29"]
[Round "5.20"]
[White "Schulman, Julia"]
[Black "Tynyshtyk, Diana"]
[Result "0-1"]
[ECO "B80"]
[WhiteElo "1732"]
[BlackElo "1946"]
[Annotator "NA RC"]
[PlyCount "46"]
[EventDate "2024.03.27"]
[EventType "swiss"]
[EventCountry "ESP"]
[SourceTitle "playchess.com"]
[Source "ChessBase"]
[SourceQuality "1"]
[TimeControl "5400+30"]

1. e4 c5 2. Nf3 d6 3. d4 cxd4 4. Nxd4 Nf6 5. Nc3 a6 6. Bd3 e6 7. Be3 Qc7 8. h3 Nbd7 9. O-O Be7 10. Qd2 O-O 11. Rac1 b6 12. Nde2 Bb7 13. Ng3 Rfd8 14. Qe2 Nc5 15. Rfe1 d5 16. exd5 Nxd5 17. Nce4 Nxd3 18. cxd3 Qd7 19. Red1 f5 20. Nc3 f4 21. Bxb6 Nxb6 22. Nge4 Rac8 23. Qh5 Nd5 0-1

[Event "VIII Open Semana Santa 2024"]
[Site "San Vicente del Raspeig"]
[Date "2024.03.30"]
[Round "6.1"]
[White "Piorun, Kacper"]
[Black "Kourkoulos-Arditis, Stamatis"]
[Result "1/2-1/2"]
[ECO "C78"]
[WhiteElo "2599"]
[BlackElo "2556"]
[Annotator "TA"]
[PlyCount "39"]
[EventDate "2024.03.27"]
[EventType "swiss"]
[EventCountry "ESP"]
[SourceTitle "playchess.com"]
[Source "ChessBase"]
[SourceQuality "1"]
[TimeControl "5400+30"]

1. e4 e5 2. Nf3 Nc6 3. Bb5 a6 4. Ba4 Nf6 5. O-O Bc5 6. Nc3 b5 7. Bb3 O-O 8. d3 {[%emt 0:01:32][%cal Bd2d3,Bd3d4][%mdl 32] The position is equal.} h6 9. Nd5 d6 10. c3 Rb8 11. d4 Ba7 12. Be3 Nxd5 13. Bxd5 Ne7 14. dxe5 Bxe3 15. fxe3 Nxd5 16. exd5 dxe5 17. Nxe5 {[%emt 0:00:10] [#] Nc6 is the strong threat.} Bb7 18. e4 Qe7 $1 19. Qd4 {[%emt 0:04:01] And now Nd3 would win.} Rfe8 $1 20. Nd3 {[%emt 0:06:25] An uneventful encounter.   Weighted Error Value: White=0.00 (flawless) /Black=0.00 (flawless) .  OK:         	White=5     	Black=7      Strong:       	---       	Black=2} (20. Nxf7 Qxe4 21. Qxe4 Rxe4 $19) 1/2-1/2

[Event "VIII Open Semana Santa 2024"]
[Site "San Vicente del Raspeig"]
[Date "2024.03.30"]
[Round "6.2"]
[White "Garriga Cazorla, Pere"]
[Black "Alekseenko, Kirill"]
[Result "0-1"]
[ECO "D24"]
[WhiteElo "2460"]
[BlackElo "2650"]
[Annotator "TA"]
[PlyCount "88"]
[EventDate "2024.03.27"]
[EventType "swiss"]
[EventCountry "ESP"]
[SourceTitle "playchess.com"]
[Source "ChessBase"]
[SourceQuality "1"]
[TimeControl "5400+30"]

1. d4 Nf6 2. c4 e6 3. Nf3 d5 4. Nc3 dxc4 5. e4 b5 6. e5 {[%emt 0:02:12] D24: Queen's Gambit Accepted: 3 Nf3 Nf6 4 Nc3.} Nd5 7. Nxb5 Nb6 8. a3 Nc6 9. Be3 Ne7 $146 ({Predecessor:} 9... Be7 10. Qc2 Rb8 11. Nc3 Bb7 12. Rd1 Na5 13. Be2 Qd7 14. h4 Bc6 15. Rh3 Nd5 {½-½ Kuzubov,Y (2625)-Radjabov,T (2745) AI Cup Play In rapid 2023 (7)}) 10. Qc2 Qd7 11. Nc3 (11. Bxc4 a6 12. Nxc7+ (12. Bxe6 $2 Qxb5 13. Bxc8 Rxc8 $19) 12... Qxc7 $17) 11... Nf5 12. Rd1 Bb7 13. b3 (13. Be2 $11) 13... Bxa3 $17 14. Bxc4 Bb4 (14... Nxc4 {simplifies} 15. bxc4 Bxf3 16. gxf3 O-O) 15. Ke2 Bxc3 16. Qxc3 O-O 17. Qa5 Rfb8 18. Rd2 Bxf3+ 19. gxf3 Nd5 20. Rc1 c6 21. Qc5 (21. Rg1 $17 {is a better defense.}) 21... Rb6 22. Ra2 Qd8 ({Better is} 22... Rab8 23. Ra3 Ndxe3 24. fxe3 Qd8) 23. Bxd5 $17 exd5 (23... cxd5 24. Rxa7 Rab8 (24... Rxa7 25. Qxb6 Ra2+ 26. Kd3 $14) 25. Rc7 $17) (23... cxd5 {looks sharper.} 24. Rxa7 Rab8 25. Rc7 Rxb3 26. Rc8 Rxc8 27. Qxc8 Rb8) 24. Rca1 {[%emt 0:00:00] [#]} (24. Rc3 $17 {keeps fighting.}) 24... a6 ({Not} 24... Rxb3 25. Qc2 (25. Qxc6 $2 Rc8 $19) 25... Nxe3 (25... Qb6 $2 26. Qxf5 g6 27. Qc2 $18) 26. Qxb3 $14) ({Black should play} 24... Rab8 $1 $19 25. Rb2 a6 (25... Rxb3 26. Rxb3 Rxb3 27. Qc2 $16)) 25. Qc2 $17 Qc8 26. Qd3 (26. Ra5 $15) 26... Rab8 $17 27. Ra3 h6 28. Rb1 Rb5 29. Bd2 Qe6 30. b4 (30. Kd1 $1 $15) 30... a5 $1 $17 31. Rab3 Qg6 32. R1b2 Kh7 33. Rb1 (33. Ra2 $142) 33... Qh5 34. Rc1 R5b6 ({Much less strong is} 34... axb4 35. Rxc6 g6 36. e6) 35. b5 a4 36. Rb4 Rxb5 ({Don't play} 36... cxb5 37. Rc5) 37. Rxa4 (37. Rxb5 {was necessary.} cxb5 38. Bb4) 37... Qg6 38. Ra6 Rb3 39. Bc3 $2 (39. Rc3) 39... Rb2+ $19 40. Bxb2 Rxb2+ 41. Ke1 Qg1+ 42. Qf1 Qg5 43. Rd1 Nh4 44. Qd3+ g6 0-1

[Event "VIII Open Semana Santa 2024"]
[Site "San Vicente del Raspeig"]
[Date "2024.03.30"]
[Round "6.3"]
[White "Ivanchuk, Vasyl"]
[Black "Movsziszian, Karen"]
[Result "1/2-1/2"]
[ECO "E85"]
[WhiteElo "2625"]
[BlackElo "2439"]
[Annotator "TA"]
[PlyCount "114"]
[EventDate "2024.03.27"]
[EventType "swiss"]
[EventCountry "ESP"]
[SourceTitle "playchess.com"]
[Source "ChessBase"]
[SourceQuality "1"]
[TimeControl "5400+30"]

1. d4 d6 2. e4 g6 3. c4 Bg7 4. Nc3 e5 5. Nge2 exd4 6. Nxd4 Nc6 7. Be3 Nf6 8. f3 O-O 9. Qd2 Nxd4 10. Bxd4 Re8 {[%emt 0:05:16] E85: Königsindisch (Sämisch-Angriff).} 11. Be2 c6 12. g4 $146 ({Predecessor:} 12. O-O Qc7 13. Rac1 Be6 14. Rfd1 Rad8 15. Bf1 Qa5 16. Qf2 Nh5 17. Bxg7 Kxg7 18. Rc2 Nf4 19. Rcd2 Qg5 20. Kh1 d5 21. g3 Nh3 22. Bxh3 Bxh3 23. cxd5 cxd5 24. Nxd5 {1-0 Begunov,K (2325)-Johnson,D (2205) Titled Tuesday intern op 02nd Aug Early blitz 2022 (4)}) 12... a6 13. g5 Nh5 14. Bxg7 Nxg7 15. O-O-O Be6 16. f4 b5 17. Qxd6 Qb6 18. Qd4 Qxd4 19. Rxd4 Bh3 20. Bf1 $1 Ne6 21. Rd6 Nxf4 22. Rxc6 Bxf1 $1 23. Rxf1 Nd3+ 24. Kb1 Ne5 25. Rc7 bxc4 26. Nd5 Kg7 27. Nb6 Rad8 28. Nxc4 Nxc4 29. Rxc4 Rd7 30. Kc2 Re5 31. h4 h6 32. gxh6+ Kxh6 33. Kc3 a5 34. Rf4 Kg7 35. b3 Kf8 36. Kb2 Rd2+ 37. Ka3 Re2 {[%emt 0:00:49] [#]} 38. Rc8+ $1 Re8 {[%emt 0:00:01] [#]} 39. Rc5 ({Besser ist} 39. Rxe8+ $1 $16 Kxe8 40. h5) 39... R8xe4 $11 40. Rxe4 Rxe4 41. h5 Kg7 $1 42. Rxa5 f5 43. b4 f4 44. Rg5 Re3+ 45. Ka4 Rg3 $1 46. Rc5 (46. Rxg6+ Rxg6 47. hxg6 f3 48. b5 f2 (48... Kxg6 49. b6 $11) 49. b6 f1=Q (49... f1=B $2 50. b7 $18) 50. Ka5 Kxg6 51. b7 Qb1 52. a4 Qb3 53. Ka6 Qxa4+ 54. Kb6 Qb4+ 55. Kc7 Qc5+ 56. Kd7 Qb6 57. Kc8 Qc6+ 58. Kb8 Kf6 59. Ka7 Qc5+ 60. Ka6 Qb4 61. b8=B Qxb8 62. Ka5 Ke5 63. Ka4 Kd4 64. Ka5 Kc5 65. Ka6 Qb6#) 46... g5 47. b5 f3 48. Rf5 Kh6 49. b6 Rg4+ $1 50. Ka3 (50. Ka5 $5 Rf4 $8 51. Rxf4 gxf4 52. b7 $11) 50... Rf4 $1 51. b7 Rxf5 52. b8=Q (52. b8=R {führt zum Matt.} f2 (52... Kxh5 $2 53. Rb1 $19) 53. Rh8+ Kg7 54. Rc8 f1=Q (54... f1=B $2 55. Rc6 $19) 55. h6+ Kxh6 56. Rh8+ Kg7 57. Rb8 Qc1+ 58. Kb3 Rf3+ 59. Kb4 Rf4+ 60. Kb5 Qc4+ 61. Kb6 Rf6+ (61... Qxa2 {wird mattgesetzt.} 62. Re8 Qb3+ 63. Kc6 Rc4+ 64. Kd6 Qd3+ 65. Ke6 Re4+ 66. Kf5 Qd5+ 67. Re5 Qxe5#) 62. Kb7 Qc6+ 63. Ka7 Qa6#) 52... Kxh5 53. Qh2+ Kg4 54. Qf2 (54. Qh1 $5) 54... Kh3 55. Qf1+ Kg3 56. Qg1+ Kh3 57. Qf1+ Kg3 1/2-1/2

[Event "VIII Open Semana Santa 2024"]
[Site "San Vicente del Raspeig"]
[Date "2024.03.30"]
[Round "6.4"]
[White "Heimann, Mark"]
[Black "Makhnev, Denis"]
[Result "1-0"]
[ECO "D45"]
[WhiteElo "2435"]
[BlackElo "2516"]
[Annotator "TA"]
[PlyCount "33"]
[EventDate "2024.03.27"]
[EventType "swiss"]
[EventCountry "ESP"]
[SourceTitle "playchess.com"]
[Source "ChessBase"]
[SourceQuality "1"]
[TimeControl "5400+30"]

1. d4 d5 2. Nf3 e6 3. c4 c6 4. e3 Nf6 5. Nc3 Nbd7 6. Be2 dxc4 7. a4 Bb4 8. Bxc4 O-O 9. O-O Qc7 10. Qc2 {[%emt 0:00:00] White is slightly better.} e5 11. Ne4 ({White should try} 11. Bd2 $14) 11... exd4 12. exd4 Nxe4 13. Qxe4 Nf6 14. Qh4 Bf5 {[%emt 0:00:17] Wards off Bd3} 15. Bf4 Bd6 16. Be5 Qd8 $2 {[%emt 0:03:01][%mdl 8192] [#]} (16... Nd5 $11 {and Black is okay.}) 17. Qf4 $1 {[%emt 0:00:00][%csl LRd6,LRf5] Weighted Error Value: White=0.13 (very precise) /Black=0.56.  Loses game:     	---       	Black=1      Mistake:       	White=1     	---        Inaccurate:     	---       	Black=2      OK:         	White=3     	Black=2      Best:        	White=1     	---} 1-0

[Event "VIII Open Semana Santa 2024"]
[Site "San Vicente del Raspeig"]
[Date "2024.03.30"]
[Round "6.5"]
[White "Vetokhin, Savva"]
[Black "Ceres, Dragos"]
[Result "1/2-1/2"]
[ECO "A84"]
[WhiteElo "2427"]
[BlackElo "2482"]
[Annotator "TA"]
[PlyCount "75"]
[EventDate "2024.03.27"]
[EventType "swiss"]
[EventCountry "ESP"]
[SourceTitle "playchess.com"]
[Source "ChessBase"]
[SourceQuality "1"]
[TimeControl "5400+30"]

1. d4 d5 2. c4 e6 3. Nc3 c6 4. e3 f5 5. Qh5+ g6 6. Qd1 Bd6 7. Bd3 Nf6 8. Nh3 {[%emt 0:04:34] The position is equal.} O-O 9. O-O Nbd7 10. f3 Qc7 11. f4 Ne4 12. Qc2 b6 13. b3 Ba6 14. Bb2 Ndf6 15. Rac1 Qb7 16. Nxe4 Nxe4 17. Nf2 Nxf2 18. Qxf2 Be7 19. Rc2 Rac8 20. Rfc1 Bf6 21. Be2 Rfe8 22. b4 {[%emt 0:04:06] [#] aiming for b5.} b5 23. c5 Qg7 24. a4 Rb8 25. Ra1 g5 26. Bc3 g4 27. Rca2 Re7 28. Qf1 Rc7 29. Ra3 Qd7 30. R1a2 h5 (30... Bc8 $142) 31. Qa1 $16 Rbb7 32. Kf1 Kf7 33. Ke1 h4 34. Kd2 Ke8 35. Kc2 Kd8 36. Be1 Kc8 {[%emt 0:00:51] [#]} 37. Bc3 $2 (37. axb5 $1 $16 Bxb5 38. Bxb5 cxb5 39. Ra6) 37... Kb8 (37... Kd8 $1 $11) 38. Bd3 {[%emt 0:00:47] Weighted Error Value: White=0.12 (very precise) /Black=0.14 (very precise) .  Mistake:       	White=1     	Black=2      Inaccurate:     	White=1     	Black=3      OK:         	White=14    	Black=8      Best:        	White=1     	Black=2} 1/2-1/2

[Event "VIII Open Semana Santa 2024"]
[Site "San Vicente del Raspeig"]
[Date "2024.03.30"]
[Round "6.6"]
[White "Lamard, Guillaume"]
[Black "Beydullayeva, Govhar"]
[Result "0-1"]
[ECO "C84"]
[WhiteElo "2483"]
[BlackElo "2374"]
[Annotator "RC"]
[PlyCount "92"]
[EventDate "2024.03.27"]
[EventType "swiss"]
[EventCountry "ESP"]
[SourceTitle "playchess.com"]
[Source "ChessBase"]
[SourceQuality "1"]
[TimeControl "5400+30"]

1. e4 e5 2. Nf3 Nc6 3. Bb5 a6 4. Ba4 Nf6 5. O-O Be7 6. d3 b5 7. Bb3 d6 8. c3 O-O 9. a4 Bd7 10. Ba2 h6 11. h3 Re8 12. Be3 Rb8 13. axb5 axb5 14. b4 Bf8 15. Nbd2 Bc8 16. d4 g6 17. Qb3 Qe7 18. Bb1 exd4 19. cxd4 d5 20. e5 Nh7 21. Rc1 Bd7 22. Rc5 Qe6 23. Rxd5 Nxb4 24. Rxd7 Qxd7 25. Bxg6 Qe6 26. Bxh7+ Kxh7 27. Qb1+ Qg6 28. Ne4 Be7 29. Ra7 Nd5 30. Ra6 Rb6 31. Rxb6 cxb6 32. e6 f5 33. Ne5 Qxe6 34. Ng3 Rf8 35. Qxb5 f4 36. Qd3+ Kg8 37. Nh5 fxe3 38. fxe3 Bg5 39. e4 Nf4 40. Nxf4 Bxf4 41. Nf3 Qg6 42. Qb3+ Kh7 43. Qd5 Qf7 44. Qc6 Qc7 45. Qe6 Be3+ 46. Kh1 Rxf3 0-1

[Event "VIII Open Semana Santa 2024"]
[Site "San Vicente del Raspeig"]
[Date "2024.03.30"]
[Round "6.7"]
[White "Suarez Uriel, Adrian"]
[Black "Yuffa, Daniil"]
[Result "0-1"]
[ECO "B31"]
[WhiteElo "2407"]
[BlackElo "2606"]
[Annotator "TA"]
[PlyCount "68"]
[EventDate "2024.03.27"]
[EventType "swiss"]
[EventCountry "ESP"]
[SourceTitle "playchess.com"]
[Source "ChessBase"]
[SourceQuality "1"]
[TimeControl "5400+30"]

1. e4 c5 2. Nf3 Nc6 3. Bb5 g6 4. O-O Bg7 5. Re1 Nf6 6. c3 O-O 7. d4 d5 8. e5 Ne4 9. Be3 Qb6 10. Na3 cxd4 11. Nxd4 {[%emt 0:04:05] The position is equal.} Nxd4 (11... Nxe5 $5 12. f3 Nd6 $11) 12. cxd4 f5 13. Qb3 Be6 {[%emt 0:00:00] [#] aiming for ...f4.} 14. f3 f4 15. fxe4 fxe3 16. exd5 Bf7 (16... Qxd4 $2 17. dxe6 (17. Rad1 Qf4 $14) 17... Bxe5 18. Qxe3 (18. Rxe3 Qc5 $16) 18... Qxe3+ 19. Rxe3 $18) 17. Rad1 Bxe5 $2 18. Nc4 $18 (18. Qxe3 Bf6 $15) 18... Bxh2+ 19. Kxh2 Qf6 20. Nxe3 (20. Qxe3 Bxd5 21. Qg3 (21. Qxe7 Qf4+ 22. Kh1 Bxg2+ 23. Kxg2 Qf2+ 24. Kh1 Rae8 $11) 21... Rad8 $18) 20... Rad8 21. Ng4 Qg5 22. Qg3 {[%emt 0:00:22] Re5 is the strong threat.} Rxd5 23. Re5 (23. Be2 $142) 23... Rxe5 24. Nxe5 (24. dxe5 $18 {was the only winning move. Ne3 would now be deadly.} Bxa2 25. Rd4) 24... Qh5+ $19 25. Qh3 {[%emt 0:00:46] Hoping for Qxh5.} Qxd1 26. Nxf7 {[%emt 0:00:07] [#]} Qxd4 $1 ({And not} 26... Rxf7 27. Bc4 $11) (26... Kxf7 27. Qxh7+ Kf6 28. Qh4+ Kg7 29. Qxe7+ Rf7 30. Qe5+ Kh6 31. Bc4 $11) 27. Qb3 (27. Qg4 Qxg4 (27... Qxb2 $2 28. Ng5 $19) 28. Nh6+ Kg7 29. Nxg4) 27... Kg7 28. Bc4 Rc8 29. Be6 Qf4+ (29... Rc6 $142 30. Ng5 Qe5+ 31. Qg3 Rc5 (31... Rxe6 $2 32. Nxe6+ Qxe6 33. Qc3+ Kg8 34. b3 $19) (31... Qxb2 32. Qb8 $16) 32. Qxe5+ Rxe5) 30. g3 $2 (30. Qg3 Qxg3+ 31. Kxg3) 30... Qd2+ {[%emt 0:00:30] Black is clearly winning.} 31. Kh3 Rc2 {[%emt 0:01:12] ( -> ...Qg2+)} 32. Kg4 h5+ 33. Kh4 Rxb2 34. Qf3 Qh2+ {[%emt 0:00:36] Weighted Error Value: White=0.90/Black=0.41.  Loses game:     	---       	Black=1      Missed win:     	White=1     	---        Mistake:       	White=2     	---        Inaccurate:     	---       	Black=2      OK:         	White=5     	Black=9      Best:        	White=6     	Black=3      Strong:       	---       	Black=1} 0-1

[Event "VIII Open Semana Santa 2024"]
[Site "San Vicente del Raspeig"]
[Date "2024.03.30"]
[Round "6.8"]
[White "Bora, Safal"]
[Black "Minzer, Claudio Javier"]
[Result "0-1"]
[ECO "A50"]
[WhiteElo "2490"]
[BlackElo "2398"]
[Annotator "TA"]
[PlyCount "144"]
[EventDate "2024.03.27"]
[EventType "swiss"]
[EventCountry "ESP"]
[SourceTitle "playchess.com"]
[Source "ChessBase"]
[SourceQuality "1"]
[TimeControl "5400+30"]

1. d4 Nf6 2. c4 e6 3. Bf4 d5 4. cxd5 Nxd5 5. Bg3 c5 6. e4 Nf6 7. Nd2 cxd4 8. e5 {[%emt 0:00:24] The position is equal.} Nd5 9. Ngf3 Be7 10. Bd3 Nd7 11. O-O Nc5 12. Bb1 Bd7 13. Nxd4 Ba4 14. Qf3 h5 15. h3 Nb4 16. Qe3 Nd5 17. Qf3 Nb4 18. Qe3 Nd5 19. Qe2 Nf4 20. Bxf4 $14 Qxd4 21. Ne4 {[%emt 0:00:33] Be3 would now be deadly.} a6 (21... Nd7 $14) 22. Be3 $1 $16 Qxe5 23. Bxc5 (23. f4 $16 Qd5 24. Nc3) 23... Bxc5 24. Qc4 Bb5 25. Qxc5 Qxc5 26. Nxc5 Bxf1 27. Kxf1 Rc8 28. Nb3 (28. Nxb7 $5 Rc1+ $8 29. Ke2 $11) 28... f5 29. Bd3 Ke7 30. Re1 Kf6 31. f4 Rhd8 32. Re3 h4 33. Ke2 Rd5 34. Kd2 a5 {[%emt 0:01:35][%mdl 1024] Black has compensation.} 35. Nc1 b5 36. Ne2 b4 37. b3 Rcd8 38. Kc2 (38. g3 $1 $11) 38... R8d6 (38... g5 $15) 39. Rf3 (39. g3 $11) 39... Rd8 ({Black should play} 39... g5 $15) 40. Nc1 (40. Re3 $11) 40... Rd4 ({Better is} 40... g5 $1 $17) 41. Rf2 (41. Ne2 $11 R4d6 42. g3) 41... R8d6 {[%emt 0:02:23] Black is more active.} (41... g5 $17 42. fxg5+ Kxg5) 42. Bc4 $11 Re4 43. Nd3 Red4 44. Ne5 $2 (44. Re2 $11 {and White has nothing to worry.}) 44... g5 $19 45. Nd3 g4 (45... gxf4 $19 {...e5 is the strong threat.} 46. Rxf4 e5) 46. Re2 g3 47. Kd2 Re4 48. Re3 Red4 49. Ke2 Rc6 50. Re5 {[%emt 0:00:41] [#]} (50. Kf3 $11 {keeps the balance.}) 50... Rxf4 $3 $17 51. Rxa5 (51. Re3 Rd4) 51... Re4+ 52. Kd2 Rd6 (52... f4 $1 $19 {[%cal Rf4f3] Threatens to win with ...f3!} 53. Ra8 (53. Nxb4 $2 f3 $19) 53... Kg7 54. Ra7+ (54. Nxb4 $2 Rd6+ 55. Kc3 f3 $19) 54... Kf6) 53. a4 (53. a3 $17 {might work better.} bxa3 54. Rxa3) 53... f4 $1 $19 ({Resist} 53... bxa3 54. Rxa3 Rd8 55. Bb5 $15) 54. Ra8 {[%emt 0:01:03] [#]} Kg7 $1 55. Ra7+ Kg6 56. Ra8 {[%emt 0:00:05] [#]} Kg7 {[%emt 0:00:10] Repels Rg8+} ({Black should try} 56... Kh7 $1 $19 57. Ra7+ Kh6) 57. Ra6 $2 (57. Ra7+ $11 Kh6 58. Ra8) 57... Rxa6 58. Bxa6 {[%emt 0:00:03] [#]} f3 $1 59. gxf3 g2 60. fxe4 g1=Q {[%emt 0:00:05] aiming for ...Qh2+.} (60... g1=B $2 {loses.} 61. a5 (61. Nxb4 Kf8 $18) 61... Kf6 62. Bb7 $18 (62. Nxb4 Ke5 $18)) 61. Ke2 Qg3 62. Bc4 Qxh3 63. a5 Qg4+ {[%emt 0:00:24] Black mates.} 64. Ke3 h3 65. a6 h2 66. Nf2 Qg1 67. Ke2 h1=Q 68. Nxh1 Qxh1 69. Ke3 e5 70. Be2 Qc1+ 71. Kf2 Qb2 72. Kf1 Qxb3 {[%emt 0:00:13] Weighted Error Value: White=0.32/Black=0.24 (precise) .  Loses game:     	White=2     	---        Missed win:     	---       	Black=2      Mistake:       	White=7     	Black=7      Inaccurate:     	White=3     	Black=2      OK:         	White=15    	Black=20     Best:        	White=5     	Black=1      Strong:       	White=1     	Black=2      Brilliant:      	---       	Black=1} 0-1

[Event "VIII Open Semana Santa 2024"]
[Site "San Vicente del Raspeig"]
[Date "2024.03.30"]
[Round "6.9"]
[White "Stribuk, Artiom"]
[Black "Xiao, Tong(Qd)"]
[Result "1/2-1/2"]
[ECO "A37"]
[WhiteElo "2418"]
[BlackElo "2484"]
[Annotator "TA"]
[PlyCount "62"]
[EventDate "2024.03.27"]
[EventType "swiss"]
[EventCountry "ESP"]
[SourceTitle "playchess.com"]
[Source "ChessBase"]
[SourceQuality "1"]
[TimeControl "5400+30"]

1. c4 c5 2. Nf3 Nc6 3. g3 g6 4. Bg2 Bg7 5. Nc3 d6 6. O-O Bf5 7. h3 Nf6 8. d3 O-O 9. a3 Qc8 10. Kh2 h6 11. Rb1 Nd4 12. Nxd4 cxd4 13. e4 Bd7 14. Ne2 Ne8 (14... e5 $11 {is more appropriate.}) 15. b4 $14 Nc7 16. f4 b5 17. Bb2 ({White should play} 17. c5 $14) 17... e5 $11 {[%emt 0:00:40] The position is equal.} 18. cxb5 Nxb5 19. a4 Nc3 20. Bxc3 dxc3 21. Rc1 exf4 22. gxf4 Rb8 23. b5 a6 24. Nxc3 Bxc3 {[%emt 0:01:01] This pair of bishops is nice.} 25. Qb3 axb5 26. axb5 Rxb5 27. Qxc3 Qxc3 28. Rxc3 Rc8 29. Rxc8+ Bxc8 30. Rc1 Rc5 31. Rxc5 dxc5 {[%emt 0:00:05] Weighted Error Value: White=0.10 (very precise) /Black=0.08 (flawless) .  Mistake:       	White=1     	Black=1      Inaccurate:     	White=1     	Black=1      OK:         	White=14    	Black=8} 1/2-1/2

[Event "VIII Open Semana Santa 2024"]
[Site "San Vicente del Raspeig"]
[Date "2024.03.30"]
[Round "6.10"]
[White "Merario Alarcon, Andres"]
[Black "Diaz Perez, Michel Alejandro"]
[Result "1/2-1/2"]
[ECO "E42"]
[WhiteElo "2401"]
[BlackElo "2464"]
[Annotator "RC"]
[PlyCount "126"]
[EventDate "2024.03.27"]
[EventType "swiss"]
[EventCountry "ESP"]
[SourceTitle "playchess.com"]
[Source "ChessBase"]
[SourceQuality "1"]
[TimeControl "5400+30"]

1. d4 Nf6 2. c4 e6 3. Nc3 Bb4 4. e3 b6 5. Nge2 c5 6. a3 Ba5 7. Rb1 Na6 8. g3 Bb7 9. d5 exd5 10. Bg2 O-O 11. O-O Bxc3 12. Nxc3 Nc7 13. cxd5 d6 14. e4 Nd7 15. f4 f6 16. g4 Re8 17. h4 b5 18. b4 cxb4 19. axb4 Nb6 20. Qd4 Nc4 21. g5 a6 22. Nd1 Qe7 23. Rb3 f5 24. exf5 Qf7 25. Rd3 Qxf5 26. Nf2 Qf7 27. Bf3 Bc8 28. h5 Bf5 29. Rdd1 Re7 30. Rfe1 Rae8 31. Kf1 Bc2 32. Rxe7 Qxe7 33. Ng4 Be4 34. Bxe4 Qxe4 35. Qxe4 Rxe4 36. h6 Nb6 37. hxg7 Kxg7 38. Nf6 Rxb4 39. Ke2 Rb1 40. Rh1 Nbxd5 41. Rxh7+ Kg6 42. Rh6+ Kf5 43. Nxd5 Nxd5 44. Rxd6 Rxc1 45. Rxd5+ Kxf4 46. g6 Rc6 47. g7 Rg6 48. Rd6 Rxg7 49. Rxa6 Rd7 50. Re6 Rd4 51. Rh6 Ke4 52. Rh4+ Kd5 53. Rxd4+ Kxd4 54. Kd2 Kc4 55. Kc2 Kb4 56. Kb2 Ka4 57. Ka2 b4 58. Kb2 b3 59. Kb1 Kb4 60. Kb2 Kc4 61. Kb1 Kc3 62. Kc1 b2+ 63. Kb1 Kb3 1/2-1/2